cohdb
Replays
Latest Replays
All Replays
Popular Replays
Top Player Replays
Match Explorer
How It Works
Community
CoH3 Stats
Reddit
Sign in to upload your games and track your stats! →
Sign in with Steam
Match 41405107
Unlisted
Match 41405107
Overview
Messages
Build Orders
End
Construct Section Command Post
Vickers Machine Gun Team
Dingo Light Scout Car
Infantry Section
Infantry Section
Infantry Section
Selects Air and Sea Battlegroup
Selects Air and Sea Battlegroup
Selects Supply Surplus
Construct Field Infirmary
Forward Retreat Point
Construct Resource Cache
Construct Platoon Command Post
Infantry Training
6-pounder Anti-tank Gun Team
Selects Commando Section Paradrop
Selects M1 Pack Howitzer Paradrop
Grenade Package
Construct Company Command Post
Unlock M3 Grant Medium Tanks
Selects UNKNOWN (223837)
M3 Grant Medium Tank
M3 Grant Medium Tank
Armored Vehicle Training
M3 Grant Medium Tank
咸鱼光
aSIINiedi
szwed
Templar Killer
Sol Invictus
Dr. Gleitcreme
【嗜血狼族】灵狐魅儿
markplaya10
0
0
Comments
sign in to comment!
No comments posted yet!